[Event "Titled Tuesday Blitz August 15 Early 2023"]
[White "FlemingA"]
[Black "Hajiyev, Kanan"]
[BlackFideId "13404148"]
[WhiteElo "2376"]
[BlackElo "2535"]
[Result "0-1"]
[Round "7"]
[TimeControl "180+1"]
[Date "2023.08.15"]
[WhiteClock "0:00:05"]
[BlackClock "0:01:07"]
[Board "106"]

1. Nc3 c6 2. d4 d5 3. Bf4 Bf5 4. f3 h5 5. e4 Bg6 6. Qd2 e6 7. O-O-O Bb4 8. Nge2 Nf6 9. e5 Nfd7 10. Bg5 Be7 11. h4 b5 12. Nf4 Bxg5 13. hxg5 Qxg5 14. Nxg6 Qxd2+ 15. Rxd2 fxg6 16. Bd3 Kf7 17. Ne2 g5 18. f4 g4 19. Ng3 g6 20. Be2 Kg7 21. Nf1 Nb6 22. b3 N8d7 23. Ne3 Raf8 24. g3 b4 25. Ng2 c5 26. Bb5 Rc8 27. Nh4 a6 28. Bd3 Nf8 29. dxc5 Rxc5 30. Bxa6 Ra5 31. Be2 Rxa2 32. Kb1 Ra5 33. Rd4 Nfd7 34. Rxb4 Rha8 35. Kb2 Ra2+ 36. Kc3 Rc8+ 37. Kd4 Rcxc2 38. Bd3 Rd2 39. Nxg6 Rxd3+ 40. Kxd3 Kxg6 41. Rc1 Rg2 42. Rc6 Rxg3+ 43. Kd4 Kf5 44. Rbxb6 Nxb6 45. Rxb6 h4 46. Rb8 Kxf4 47. Rf8+ Kg5 48. b4 h3 49. b5 h2 50. Rg8+ Kf4 51. Rh8 Rh3 52. Rf8+ Kg3 53. b6 h1=Q 0-1


[Site "https://www.chess.com"]

[Event "Titled Tuesday Blitz August 15 Early 2023"]
[White "Benedetti, Julio"]
[Black "Amanov, Zhanibek"]
[WhiteFideId "172545"]
[BlackFideId "13700189"]
[WhiteElo "2529"]
[BlackElo "2367"]
[Result "1-0"]
[Round "7"]
[TimeControl "180+1"]
[Date "2023.08.15"]
[WhiteClock "0:00:14"]
[BlackClock "0:00:21"]
[Board "107"]

1. e4 c6 2. Nf3 d5 3. exd5 cxd5 4. Ne5 Nc6 5. d4 Nxe5 6. dxe5 e6 7. Bd3 Bc5 8. Qg4 g6 9. O-O Ne7 10. Bg5 Qc7 11. Bf6 Rg8 12. c4 b6 13. Nc3 Bb7 14. Nb5 Qc6 15. b4 Bxb4 16. cxd5 Nxd5 17. Rac1 Qd7 18. Rfd1 a6 19. a4 Bc6 20. Nd4 Bxa4 21. Bc2 Nc3 22. Bxa4 Qxa4 23. Nxe6 Nxd1 24. Rc8+ Kd7 25. Nc5# 1-0


[Site "https://www.chess.com"]

[Event "Titled Tuesday Blitz August 15 Early 2023"]
[White "Vasques, Antonio Pedro Freixial"]
[Black "Ansh M Shah"]
[WhiteFideId "1908332"]
[BlackFideId "25033379"]
[WhiteElo "2367"]
[BlackElo "2522"]
[Result "0-1"]
[Round "7"]
[TimeControl "180+1"]
[Date "2023.08.15"]
[WhiteClock "0:02:48"]
[BlackClock "0:02:50"]
[Board "108"]

1. e4 c6 2. d3 d5 3. Nd2 e5 4. Ngf3 Bd6 5. a4 Nf6 6. g3 O-O 7. Bg2 Re8 8. O-O Bg4 9. c3 Nbd7 10. b4 a5 11. Qb3 axb4 12. Qxb4 Bxb4 13. cxb4 0-1


[Site "https://www.chess.com"]

[Event "Titled Tuesday Blitz August 15 Early 2023"]
[White "Camilla_Lee"]
[Black "Bashirli, Saadat"]
[BlackFideId "13429990"]
[WhiteElo "2520"]
[BlackElo "2358"]
[Result "0-1"]
[Round "7"]
[TimeControl "180+1"]
[Date "2023.08.15"]
[WhiteClock "0:00:00"]
[BlackClock "0:00:03"]
[Board "109"]

1. e4 c6 2. d4 d5 3. Nc3 dxe4 4. Nxe4 Nf6 5. Ng5 Bf5 6. Bc4 e6 7. N1f3 h6 8. Nxf7 Kxf7 9. Ne5+ Ke8 10. Qe2 Bd6 11. Bf4 g5 12. Bd2 Qe7 13. O-O-O Nbd7 14. f3 Bxe5 15. dxe5 Nd5 16. g4 Bg6 17. h4 Kf7 18. f4 gxf4 19. Rdf1 Raf8 20. h5 Bh7 21. Bxd5 cxd5 22. Bxf4 Kg7 23. Qe3 Be4 24. Rhg1 Qc5 25. Qd2 b5 26. g5 hxg5 27. Bxg5 Kh7 28. Be3 Qe7 29. Re1 Nxe5 30. h6 Nf3 31. Rg7+ Qxg7 32. hxg7 Nxd2 33. gxh8=Q+ Kxh8 34. Kxd2 Rc8 35. c3 a6 36. Bd4+ Kg8 37. Rg1+ Kf8 38. Ke3 Ke7 39. Be5 Rf8 40. Rg7+ Rf7 41. Rg8 Rf3+ 42. Kd4 Rd3+ 43. Kc5 Rd2 44. Rg7+ Kf8 45. b4 Rxa2 46. Kd6 Bf5 47. Ra7 Rc2 0-1


[Site "https://www.chess.com"]

[Event "Titled Tuesday Blitz August 15 Early 2023"]
[White "Pershina, Elena"]
[Black "Bach Ngoc Thuy Duong"]
[WhiteFideId "24147516"]
[BlackFideId "12408956"]
[WhiteElo "2357"]
[BlackElo "2512"]
[Result "0-1"]
[Round "7"]
[TimeControl "180+1"]
[Date "2023.08.15"]
[WhiteClock "0:00:09"]
[BlackClock "0:00:15"]
[Board "110"]

1. c4 e5 2. Nc3 Nf6 3. g3 d5 4. cxd5 Nxd5 5. Bg2 Nb6 6. Nf3 Nc6 7. O-O Be7 8. d3 O-O 9. a3 Be6 10. b4 a6 11. Bb2 f6 12. Rc1 Qd7 13. Ne4 Rad8 14. Nc5 Bxc5 15. Rxc5 Bh3 16. Qb3+ Kh8 17. Rfc1 Bxg2 18. Kxg2 Qe7 19. Nh4 Rd7 20. Nf5 Qd8 21. a4 g6 22. Ne3 Nd4 23. Bxd4 exd4 24. Nc4 Nd5 25. Nd2 Re8 26. Ne4 f5 27. Ng5 c6 28. h4 Rxe2 29. Rxd5 cxd5 30. Rc5 Qf6 31. Rxd5 Rxd5 32. Qxd5 Qc6 33. Qxc6 bxc6 34. Nf3 Rb2 35. Nxd4 Rxb4 36. Nxc6 Rxa4 37. d4 Rc4 38. d5 Kg7 39. Kf3 Rc5 40. Nb8 a5 41. d6 Rd5 42. d7 a4 43. Ke3 a3 0-1


[Site "https://www.chess.com"]

[Event "Titled Tuesday Blitz August 15 Early 2023"]
[White "Kovalevsky, Stanislav"]
[Black "Davidson, Kevin"]
[WhiteFideId "13508598"]
[BlackFideId "2056810"]
[WhiteElo "2511"]
[BlackElo "2357"]
[Result "1/2-1/2"]
[Round "7"]
[TimeControl "180+1"]
[Date "2023.08.15"]
[WhiteClock "0:00:16"]
[BlackClock "0:00:09"]
[Board "111"]

1. c4 Nf6 2. Nc3 g6 3. g3 Bg7 4. Bg2 d6 5. e4 O-O 6. Nge2 c5 7. O-O Nc6 8. a3 a6 9. Rb1 Rb8 10. b4 b5 11. cxb5 axb5 12. bxc5 dxc5 13. Rxb5 Rxb5 14. Nxb5 Ne8 15. Qc2 Nd4 16. Nexd4 cxd4 17. Bb2 Ba6 18. a4 Nd6 19. Qc5 Qa5 20. e5 Nxb5 21. axb5 Qxb5 22. Qxd4 Rb8 23. Bc3 Qd3 24. Qxd3 Bxd3 25. Ra1 Rb1+ 26. Rxb1 Bxb1 27. d4 e6 28. d5 exd5 29. Bxd5 Bf5 30. f4 h5 31. Kf2 Bf8 32. Bd4 Bb4 33. Kg2 Bf8 34. Kf2 Be7 35. Bg2 Bf8 36. h3 Be7 37. Kf3 Bf8 38. g4 hxg4+ 39. hxg4 Be6 40. Kg3 Be7 41. Be4 Bf8 42. f5 gxf5 43. gxf5 Bd7 44. Kg4 Be7 45. Bd5 Bf8 46. Be3 Be7 47. Bg5 Bxg5 48. Kxg5 Kg7 49. f6+ Kf8 50. Kf4 Bc8 51. Ke3 Bd7 52. Kd4 Be8 53. Kc5 Ba4 54. Bc6 Bc2 55. Kd6 Bf5 56. Bd5 Bd3 57. Kd7 Bf5+ 58. Kd8 Bg4 59. Be4 Be6 60. Kc7 Bg4 61. Bc6 Bf5 62. Bd7 Be4 63. Kd6 Bd3 64. Bg4 Bc4 65. Bh5 Bb3 66. Bg4 Bc4 67. Kc5 Bb3 68. Bf5 Ba2 69. Be4 Bb3 70. Kd6 Bd1 71. Bd5 Bg4 72. Bc4 Bf5 73. Bb5 Bg4 74. Bd7 Bf3 75. Be6 fxe6 76. Kxe6 Bg4+ 77. Kd6 Kf7 78. Kd5 Be6+ 79. Kd6 Ba2 80. Kc7 Be6 81. Kd8 Ba2 82. Kd7 Be6+ 83. Kd6 Ba2 84. e6+ Bxe6 85. Kc7 Kxf6 1/2-1/2


[Site "https://www.chess.com"]

[Event "Titled Tuesday Blitz August 15 Early 2023"]
[White "Nithyalakshmi, Sivanesan"]
[Black "Tikhonov, Viacheslav"]
[WhiteFideId "5706955"]
[BlackFideId "44196407"]
[WhiteElo "2349"]
[BlackElo "2511"]
[Result "0-1"]
[Round "7"]
[TimeControl "180+1"]
[Date "2023.08.15"]
[WhiteClock "0:00:01"]
[BlackClock "0:01:16"]
[Board "112"]

1. e4 c5 2. Nc3 Nc6 3. Bb5 Nd4 4. Nf3 e6 5. O-O a6 6. Bd3 Nc6 7. b3 g5 8. Bb2 Bg7 9. a4 g4 10. Ne1 h5 11. Bc4 Nf6 12. Qe2 Qc7 13. Qe3 Qd6 14. Nd3 Bh6 15. Qxc5 Qxc5 16. Nxc5 Bxd2 17. Ne2 Bg5 18. f4 gxf3 19. Rxf3 Rh6 20. Raf1 Ke7 21. e5 Ng4 22. Rxf7+ Kd8 23. Ne4 Be3+ 24. Kh1 Ngxe5 25. Rf8+ Kc7 26. Ba3 d5 27. Bd6+ Kb6 28. a5+ Kxa5 29. b4+ Kb6 30. Bc5+ Kc7 31. Bd6+ Kd7 32. Bc5 dxe4 33. Rd1+ Kc7 34. Bd6+ Kb6 35. Bxe5 Nxe5 36. Rd6+ Ka7 37. Rdd8 Nxc4 38. Rxc8 Rxc8 39. Rxc8 Rf6 40. h3 Nd6 41. Kh2 Nxc8 0-1


[Site "https://www.chess.com"]

[Event "Titled Tuesday Blitz August 15 Early 2023"]
[White "Lehtosaari, Mauri"]
[Black "Lopez Gracia, Fernando"]
[WhiteFideId "501999"]
[BlackFideId "2207184"]
[WhiteElo "2510"]
[BlackElo "2355"]
[Result "1-0"]
[Round "7"]
[TimeControl "180+1"]
[Date "2023.08.15"]
[WhiteClock "0:00:06"]
[BlackClock "0:00:03"]
[Board "113"]

1. d4 Nf6 2. Nf3 e6 3. Bg5 d5 4. Nbd2 Be7 5. e3 Nbd7 6. Bd3 b6 7. c3 Bb7 8. O-O Ne4 9. Bxe7 Qxe7 10. a4 c5 11. a5 O-O 12. Bb5 Nd6 13. Bxd7 Qxd7 14. Ne5 Qe7 15. a6 Bc8 16. f4 f6 17. Nd3 Ne4 18. Nxe4 dxe4 19. Nf2 f5 20. Qb3 Rd8 21. Rfd1 Bd7 22. Rd2 Bc6 23. Rad1 cxd4 24. Rxd4 Bd5 25. c4 Bc6 26. Qc3 Kf7 27. b4 Rac8 28. Nh3 h6 29. Nf2 Rxd4 30. Rxd4 Bb5 31. Qb3 Bxa6 32. g4 g6 33. b5 Bb7 34. Qd1 Rc7 35. Qd2 Bc8 36. gxf5 exf5 37. Kf1 Rd7 38. Rxd7 Qxd7 39. Qc3 Qe7 40. Qh8 Be6 41. Qxh6 Bxc4+ 42. Kg2 Qf6 43. Nh3 Qg7 44. Ng5+ Kg8 45. Qh4 Qb2+ 46. Kg3 Qg7 47. Qh3 Bxb5 48. Qg2 Bd3 49. Qa2+ Kh8 50. Qe6 Qg8 51. Qf6+ Qg7 52. Qd8+ Qg8 53. Qc7 Qg7 54. Qb8+ Qg8 55. Qxa7 b5 56. Qb7 Bc4 57. h4 Qg7 58. Qb8+ Qg8 59. Qe5+ Qg7 60. Qe8+ Qg8 61. Qd7 Qg7 62. Qc8+ Qg8 63. Qb7 Qg7 64. Qb6 Qg8 65. h5 gxh5 66. Qh6+ Qh7 67. Qxh7# 1-0


[Site "https://www.chess.com"]

[Event "Titled Tuesday Blitz August 15 Early 2023"]
[White "FromTexas54"]
[Black "Jahnz, Fabian"]
[BlackFideId "4653300"]
[WhiteElo "2501"]
[BlackElo "2348"]
[Result "1-0"]
[Round "7"]
[TimeControl "180+1"]
[Date "2023.08.15"]
[WhiteClock "0:01:45"]
[BlackClock "0:01:35"]
[Board "114"]

1. e4 c6 2. c4 d5 3. cxd5 cxd5 4. exd5 Nf6 5. Nc3 Nbd7 6. Bc4 g6 7. d3 Bg7 8. Nf3 O-O 9. O-O Nb6 10. Qb3 h6 11. Re1 Bg4 12. Ne5 Bf5 13. h3 Rc8 14. a4 Nfd7 15. Nxd7 Nxd7 16. Qxb7 Nc5 17. Qxa7 Nxd3 18. Bxd3 Bxd3 19. Qxe7 Bxc3 20. bxc3 Qxd5 21. Bxh6 Rfe8 22. Qf6 Rxe1+ 23. Rxe1 1-0


[Site "https://www.chess.com"]

[Event "Titled Tuesday Blitz August 15 Early 2023"]
[White "FunnyDuck66"]
[Black "Ziatdinov, Raset"]
[BlackFideId "2015323"]
[WhiteElo "2501"]
[BlackElo "2348"]
[Result "1-0"]
[Round "7"]
[TimeControl "180+1"]
[Date "2023.08.15"]
[WhiteClock "0:02:09"]
[BlackClock "0:00:18"]
[Board "115"]

1. d4 Nf6 2. Nf3 g6 3. Bg5 Bg7 4. Nbd2 d6 5. c3 O-O 6. e4 h6 7. Bh4 Nc6 8. Bd3 e5 9. dxe5 dxe5 10. Qc2 Be6 11. O-O g5 12. Bg3 Nh5 13. Rfe1 Nxg3 14. hxg3 Qe7 15. Nc4 Rad8 16. Ne3 Qf6 17. Bc4 Ne7 18. Bxe6 Qxe6 19. Rad1 c6 20. c4 Qg6 21. g4 h5 22. c5 hxg4 23. Nxg4 Qe6 24. Ne3 Bh6 25. Nh2 Bg7 26. Nhg4 Kh7 27. g3 Kg6 28. Kg2 Rh8 29. Qc4 Qxc4 30. Nxc4 f6 31. Nd6 b6 32. b4 Rd7 33. Nf5 Rhd8 34. Nxe7+ 1-0


[Site "https://www.chess.com"]

[Event "Titled Tuesday Blitz August 15 Early 2023"]
[White "Kiselev, Pavel"]
[Black "arenal72"]
[WhiteFideId "4191102"]
[WhiteElo "2335"]
[BlackElo "2492"]
[Result "0-1"]
[Round "7"]
[TimeControl "180+1"]
[Date "2023.08.15"]
[WhiteClock "0:00:02"]
[BlackClock "0:00:10"]
[Board "116"]

1. Nf3 d5 2. c4 e6 3. d4 a6 4. e3 Nf6 5. Nc3 dxc4 6. Bxc4 b5 7. Bb3 Bb7 8. O-O Nbd7 9. Ne5 c5 10. Nxd7 Qxd7 11. dxc5 Bxc5 12. Qxd7+ Nxd7 13. e4 Ke7 14. Bf4 Rhd8 15. Kh1 Rac8 16. f3 Nb6 17. Rad1 f6 18. e5 b4 19. exf6+ gxf6 20. Ne4 Bxe4 21. fxe4 e5 22. Bg3 Bd4 23. Bh4 Rd6 24. Rf3 Rf8 25. h3 a5 26. g4 h6 27. Kg2 a4 28. Bc2 Rc6 29. Rd2 Bxb2 30. Bd3 Bd4 31. Bb5 Rc3 32. Rxc3 bxc3 33. Rc2 a3 34. Be1 Rc8 35. Kf3 Rc5 36. Ba6 Na4 37. Ke2 Nb2 38. Bb7 Kf7 39. Bd5+ Kg6 40. Be6 Na4 41. Kd3 Rb5 42. Bd5 Rb1 43. Bf2 Nb2+ 44. Ke2 Rh1 45. Kf3 Rxh3+ 46. Kg2 Rd3 47. Be6 Rd2 48. Bf5+ Kg5 49. Rxd2 cxd2 50. Bxd4 exd4 51. Kf3 d1=Q+ 0-1


[Site "https://www.chess.com"]

[Event "Titled Tuesday Blitz August 15 Early 2023"]
[White "Skaric, Djuro"]
[Black "Mihailidis, Anastasios"]
[WhiteFideId "934569"]
[BlackFideId "4205588"]
[WhiteElo "2342"]
[BlackElo "2491"]
[Result "0-1"]
[Round "7"]
[TimeControl "180+1"]
[Date "2023.08.15"]
[WhiteClock "0:00:49"]
[BlackClock "0:00:43"]
[Board "117"]

1. g3 d5 2. Bg2 e6 3. d3 Nf6 4. Nf3 Be7 5. O-O O-O 6. Nc3 c5 7. e4 Nc6 8. h3 dxe4 9. dxe4 Qxd1 10. Rxd1 Rd8 11. Be3 b6 12. Rxd8+ Nxd8 13. Rd1 Bb7 14. Ne5 Nc6 15. Nxc6 Bxc6 16. f4 Ne8 17. a4 Rd8 18. Rxd8 Bxd8 19. b3 Nc7 20. Kf2 Kf8 21. Ke2 Bf6 22. Nd1 Bb7 23. Bf3 Ke8 24. c3 Be7 25. Kd2 f5 26. Nf2 Bf6 27. Kd3 Kf8 28. g4 g6 29. g5 Bg7 30. h4 Ne8 31. Ke2 Bxc3 32. exf5 Bxf3+ 33. Kxf3 exf5 34. Nd3 Nd6 35. Ne5 Bxe5 36. fxe5 Ne4 37. Bf4 Ke7 38. e6 Kxe6 39. Bb8 a6 40. Ba7 b5 41. axb5 axb5 42. Kf4 c4 43. bxc4 bxc4 44. Ke3 Kd5 45. Bb8 Kc5 46. Be5 Kb4 47. Kd4 Kb3 48. Kd5 c3 49. Ke6 c2 50. Bf4 Kb2 51. Kf7 c1=Q 52. Bxc1+ Kxc1 53. Kg7 f4 54. Kxh7 f3 55. Kxg6 f2 56. h5 f1=Q 57. h6 Qf4 58. h7 Qxg5+ 59. Kf7 Nd6+ 60. Kf8 Qf6+ 61. Kg8 Qg6+ 62. Kh8 Nf7# 0-1


[Site "https://www.chess.com"]

[Event "Titled Tuesday Blitz August 15 Early 2023"]
[White "Shubenkova, Veronika"]
[Black "Goswami, Vedant"]
[WhiteFideId "44124040"]
[BlackFideId "5003725"]
[WhiteElo "2489"]
[BlackElo "2327"]
[Result "1/2-1/2"]
[Round "7"]
[TimeControl "180+1"]
[Date "2023.08.15"]
[WhiteClock "0:00:38"]
[BlackClock "0:00:15"]
[Board "118"]

1. c4 c6 2. Nc3 e5 3. e4 Bb4 4. d3 Nf6 5. Nf3 O-O 6. Bd2 Re8 7. Be2 d5 8. cxd5 cxd5 9. exd5 Nxd5 10. O-O Nc6 11. a3 Bf8 12. Rc1 Bf5 13. Ne4 Qb6 14. b4 Rad8 15. Qb3 h6 16. Rc2 Be6 17. Qb1 f5 18. Nc5 Bf7 19. Bd1 e4 20. dxe4 fxe4 21. Nh4 Nd4 22. Rc4 Nf6 23. Rc3 g5 24. Rg3 Bg7 25. Bxg5 hxg5 26. Rxg5 Nh7 27. Rg4 Nf6 28. Rg5 Nh7 29. Rg4 Nf6 30. Rg5 1/2-1/2


[Site "https://www.chess.com"]

[Event "Titled Tuesday Blitz August 15 Early 2023"]
[White "Huynh, Lam Binh Nguyen"]
[Black "Nguyen Hong Nhung"]
[WhiteFideId "12401633"]
[BlackFideId "12412201"]
[WhiteElo "2314"]
[BlackElo "2484"]
[Result "0-1"]
[Round "7"]
[TimeControl "180+1"]
[Date "2023.08.15"]
[WhiteClock "0:00:02"]
[BlackClock "0:00:33"]
[Board "119"]

1. d4 f5 2. Bf4 Nf6 3. e3 g6 4. h4 d6 5. Nf3 Bg7 6. Bc4 e6 7. Nbd2 Nc6 8. a3 Qe7 9. Ba2 e5 10. dxe5 dxe5 11. Bh2 Bd7 12. Qe2 O-O-O 13. e4 Ng4 14. O-O-O Kb8 15. Kb1 Qc5 16. Bg1 Rhe8 17. h5 Qe7 18. hxg6 hxg6 19. Nh4 Qf6 20. f3 Nh6 21. g3 Be6 22. Bxe6 Rxe6 23. Nc4 Rde8 24. Ng2 Nd4 25. Bxd4 exd4 26. Nf4 Rc6 27. e5 Qf7 28. Rxd4 a6 29. Re1 Ng8 30. e6 Qf6 31. Rd7 Ne7 32. Nd5 Nxd5 33. Rxd5 Rxc4 34. c3 Rc6 35. f4 Rcxe6 0-1


[Site "https://www.chess.com"]

[Event "Titled Tuesday Blitz August 15 Early 2023"]
[White "Ouellet, Maili-Jade"]
[Black "Bochnicka, Vladimir"]
[WhiteFideId "2620472"]
[BlackFideId "14943450"]
[WhiteElo "2305"]
[BlackElo "2479"]
[Result "0-1"]
[Round "7"]
[TimeControl "180+1"]
[Date "2023.08.15"]
[WhiteClock "0:00:01"]
[BlackClock "0:00:10"]
[Board "120"]

1. e4 e5 2. Nf3 Nc6 3. Bb5 a6 4. Ba4 Nf6 5. O-O b5 6. Bb3 Bc5 7. d3 O-O 8. Bg5 h6 9. Bh4 d6 10. h3 g5 11. Nxg5 hxg5 12. Bxg5 Be6 13. Qf3 Kg7 14. Nc3 Nd4 15. Qg3 Nh5 16. Qh4 f6 17. Be3 Bxb3 18. Qxh5 Bf7 19. Qh6+ Kg8 20. f4 Ne2+ 21. Nxe2 Bxe3+ 22. Kh1 Qe7 23. Rf3 exf4 24. Nxf4 Bxf4 25. Rxf4 Be6 26. Raf1 Qg7 27. Qh4 Qg5 28. Qf2 Rf7 29. Rf3 Qh6 30. a3 Raf8 31. Qd4 Rg7 32. Rxf6 Rxf6 33. Qxf6 Qxf6 34. Rxf6 Bd7 35. g4 Rf7 36. Rxf7 Kxf7 37. Kg2 Kf6 38. Kf3 Kg5 39. Kg3 Be6 40. c3 c5 41. h4+ Kg6 42. Kf4 Bb3 43. e5 dxe5+ 44. Kxe5 a5 45. Kd6 c4 46. dxc4 Bxc4 47. Ke5 Be2 48. Kf4 a4 49. Kg3 Bc4 50. Kf4 Bd3 51. Kf3 Bf1 52. Kg3 Bd3 53. Kf4 Kf6 54. h5 Be2 55. Kg3 Kg5 56. h6 Kxh6 57. Kf4 Kg6 58. g5 Bd1 59. Ke5 Kxg5 60. Kd4 Be2 61. Kc5 Bc4 62. Kb4 Kf5 63. Kc5 Ke5 64. Kb4 Ke4 65. Ka5 Kd3 66. Kb4 Kc2 67. Kc5 Kxb2 0-1


[Site "https://www.chess.com"]

[Event "Titled Tuesday Blitz August 15 Early 2023"]
[White "slimshady"]
[Black "Dias, Paulo"]
[BlackFideId "1900803"]
[WhiteElo "2294"]
[BlackElo "2478"]
[Result "0-1"]
[Round "7"]
[TimeControl "180+1"]
[Date "2023.08.15"]
[WhiteClock "0:01:34"]
[BlackClock "0:02:01"]
[Board "121"]

1. e4 c5 2. Nf3 d6 3. d4 cxd4 4. Nxd4 Nf6 5. Nc3 a6 6. Be2 e5 7. Nb3 Be7 8. Be3 Be6 9. Nd5 Bxd5 10. exd5 O-O 11. g4 a5 12. c4 a4 13. Nd2 Qa5 14. Kf1 Na6 15. g5 Nd7 16. h4 Bd8 17. h5 Bb6 18. Bxb6 Qxb6 19. Ne4 Nac5 20. Ng3 f5 21. Qc2 e4 22. g6 h6 23. Kg2 Rae8 24. b4 axb3 25. axb3 f4 26. Nxe4 Nxe4 0-1


[Site "https://www.chess.com"]

[Event "Titled Tuesday Blitz August 15 Early 2023"]
[White "agvania123"]
[Black "Pandey Srishti"]
[BlackFideId "35093290"]
[WhiteElo "2269"]
[BlackElo "2477"]
[Result "0-1"]
[Round "7"]
[TimeControl "180+1"]
[Date "2023.08.15"]
[WhiteClock "0:01:02"]
[BlackClock "0:02:11"]
[Board "122"]

1. c4 e5 2. Nc3 d6 3. e3 g6 4. d4 Bg7 5. Nf3 Nd7 6. Be2 f5 7. O-O Ngf6 8. b3 O-O 9. Bb2 c6 10. Qc2 e4 11. Nd2 Kh8 12. Rad1 a5 13. d5 c5 14. Nb5 Ne5 15. f4 exf3 16. Nxf3 Neg4 17. Qd3 Re8 18. Ng5 Kg8 19. Bxg4 Nxg4 20. Bxg7 Qxg5 21. Bb2 Nxe3 22. Rd2 Nxf1 23. Qc3 Qe3+ 0-1


[Site "https://www.chess.com"]

[Event "Titled Tuesday Blitz August 15 Early 2023"]
[White "Seifert, Henryk"]
[Black "Shuvalov, Evgenij"]
[WhiteFideId "1100963"]
[BlackFideId "4187237"]
[WhiteElo "2102"]
[BlackElo "2471"]
[Result "0-1"]
[Round "7"]
[TimeControl "180+1"]
[Date "2023.08.15"]
[WhiteClock "0:00:00"]
[BlackClock "0:00:53"]
[Board "123"]

1. e4 e6 2. d4 d5 3. Nd2 c5 4. exd5 exd5 5. Bb5+ Nc6 6. Ngf3 Qe7+ 7. Qe2 Qxe2+ 8. Bxe2 Bf5 9. c3 cxd4 10. Nxd4 Nxd4 11. cxd4 Bd6 12. O-O Ne7 13. Nf3 f6 14. Bb5+ Kf7 15. Bd2 a6 16. Ba4 Rac8 17. Bb3 Bd3 18. Rfe1 Bc4 19. Bd1 Rhe8 20. b3 Bd3 21. Rc1 Ba3 22. Rxc8 Rxc8 23. h3 Be4 24. Be3 Bb4 25. Bd2 Bxd2 26. Nxd2 Bg6 27. Bg4 Rc2 28. Be6+ Kf8 29. Nf3 Rxa2 30. Rc1 Rc2 31. Rxc2 Bxc2 32. b4 Be4 33. Nd2 Bd3 34. f3 b6 35. Kf2 a5 36. bxa5 bxa5 37. Ke3 Bc2 38. g4 g5 0-1


[Site "https://www.chess.com"]

[Event "Titled Tuesday Blitz August 15 Early 2023"]
[White "Itkis, Boris"]
[Black "le-castor-faineant"]
[WhiteFideId "1209167"]
[WhiteElo "2467"]
[BlackElo "2202"]
[Result "1-0"]
[Round "7"]
[TimeControl "180+1"]
[Date "2023.08.15"]
[WhiteClock "0:01:57"]
[BlackClock "0:00:15"]
[Board "124"]

1. c4 Nf6 2. Nf3 g6 3. b4 Bg7 4. Bb2 O-O 5. g3 c6 6. Bg2 d5 7. Na3 a5 8. b5 dxc4 9. bxc6 Nxc6 10. Nxc4 Be6 11. Ne3 a4 12. O-O a3 13. Bc3 b5 14. Ng5 Bd7 15. Rb1 Rb8 16. Qb3 b4 17. Ba1 Na5 18. Qd1 Qe8 19. d3 h6 20. Nf3 Be6 21. Qd2 b3 22. Qxa5 b2 23. Qxa3 bxa1=Q 24. Rxa1 Ra8 25. Qc1 Rxa2 26. Rxa2 Bxa2 27. Qd2 Be6 28. Rc1 Qd7 29. Ne5 Qa7 30. Nc6 Qd7 31. Qb4 Re8 32. Nc4 Nd5 33. Bxd5 Bxd5 34. Nb6 Qxc6 35. Rxc6 Bxc6 36. Qc5 Bb7 37. Qc7 Bd5 38. Nxd5 1-0


[Site "https://www.chess.com"]

[Event "Titled Tuesday Blitz August 15 Early 2023"]
[White "Starozhilov, Leonid"]
[Black "Lorenzo De La Riva, Lazaro"]
[WhiteFideId "14106752"]
[BlackFideId "2268809"]
[WhiteElo "2682"]
[BlackElo "2414"]
[Result "1-0"]
[Round "7"]
[TimeControl "180+1"]
[Date "2023.08.15"]
[WhiteClock "0:00:08"]
[BlackClock "0:00:30"]
[Board "125"]

1. e4 Nf6 2. e5 Nd5 3. c4 Nb6 4. d4 d6 5. f4 Bf5 6. Nc3 e6 7. Nf3 h6 8. Be3 Nc6 9. Be2 d5 10. c5 Nc4 11. Bxc4 dxc4 12. O-O Bd3 13. Rf2 Be7 14. Ne1 Bh7 15. Qa4 O-O 16. Qxc4 a5 17. a3 Na7 18. d5 b5 19. cxb6 exd5 20. Nxd5 cxb6 21. Bxb6 Qd7 22. Rd1 Qb7 23. Qc7 Qxc7 24. Nxc7 Rac8 25. Rd7 Nc6 26. Nd5 Bd8 27. Bxd8 Rfxd8 28. Rd6 Kf8 29. Nf3 Rxd6 30. exd6 Rd8 31. Rd2 Rxd6 32. Nc3 Rf6 33. Ne5 Nxe5 34. fxe5 Rb6 35. Rd8+ Ke7 36. Nd5+ Kxd8 37. Nxb6 Bd3 38. Kf2 Kc7 39. Ke3 Bf1 40. Nd5+ Kc6 41. Ne7+ Kd7 42. Nf5 Bxg2 43. Nxg7 Bh3 44. Kf4 Kc6 45. b4 a4 46. Nf5 h5 47. Ng3 Bg4 48. Ne4 Bd1 49. Nc3 Bc2 50. Kg5 Kd7 51. Kf6 Ke8 52. h4 Bb3 53. Ne4 Kd7 54. Nc5+ Kc6 55. Nd3 Kd5 56. Nf4+ Ke4 57. Nxh5 Kf3 58. b5 Kg4 59. Ng7 Kxh4 60. b6 Bd5 61. Nf5+ Kh3 62. Ne7 Bb7 63. Kxf7 Kg4 64. e6 Kf4 65. Ng6+ Kf5 66. e7 Bc6 67. e8=Q 1-0


[Site "https://www.chess.com"]

[Event "Titled Tuesday Blitz August 15 Early 2023"]
[White "Llanos, Guillermo"]
[Black "Mendez Fortes, Eduardo Jesus"]
[WhiteFideId "100358"]
[BlackFideId "3502376"]
[WhiteElo "2413"]
[BlackElo "2599"]
[Result "0-1"]
[Round "7"]
[TimeControl "180+1"]
[Date "2023.08.15"]
[WhiteClock "0:00:00"]
[BlackClock "0:00:10"]
[Board "126"]

1. b3 d5 2. Bb2 Nf6 3. Nf3 e6 4. e3 c5 5. c4 Nc6 6. cxd5 exd5 7. d4 cxd4 8. Nxd4 Bd6 9. Be2 O-O 10. O-O Ne4 11. Nd2 Qh4 12. N2f3 Qh6 13. Nb5 Bg4 14. Nxd6 Qxd6 15. Nd4 Bxe2 16. Qxe2 Nxd4 17. Bxd4 a6 18. Rfc1 Qe6 19. f3 Nd6 20. Qd2 Rfc8 21. a4 Nf5 22. g4 Nh4 23. Qf2 Ng6 24. h4 Ne7 25. h5 h6 26. Qg3 Nc6 27. Bb6 Re8 28. a5 Qf6 29. Ra2 Rac8 30. Rac2 Qe6 31. Qf4 Ra8 32. Kf2 Ne5 33. Kg2 Nd3 34. Qd4 Nxc1 35. Rxc1 Rac8 36. Bc5 Rc6 37. b4 f5 38. Rd1 fxg4 39. fxg4 Kh8 40. Kg3 Rcc8 41. Qxd5 Qf6 42. Qf3 Qe5+ 43. Qf4 Qxf4+ 44. exf4 Rc7 45. Rd6 Kg8 46. g5 hxg5 47. fxg5 Rf7 48. g6 Rf5 49. Kg4 Rfe5 50. Rd7 Re4+ 51. Kf3 Rh4 52. Rxb7 Rxh5 53. Rb6 Rf5+ 54. Kg4 Rf6 55. Rxf6 gxf6 56. Kf5 Kg7 57. Bd4 Rf8 58. Bc5 Rd8 59. Be7 Rd5+ 60. Ke6 Re5+ 0-1


[Site "https://www.chess.com"]

[Event "Titled Tuesday Blitz August 15 Early 2023"]
[White "Buscar, Michael"]
[Black "Bodnaruk, Anastasia"]
[WhiteFideId "2603616"]
[BlackFideId "4181751"]
[WhiteElo "2407"]
[BlackElo "2597"]
[Result "0-1"]
[Round "7"]
[TimeControl "180+1"]
[Date "2023.08.15"]
[WhiteClock "0:00:11"]
[BlackClock "0:00:31"]
[Board "127"]

1. d4 Nf6 2. c4 g6 3. Nc3 Bg7 4. e4 d6 5. Nf3 O-O 6. Be2 e5 7. O-O Nc6 8. d5 Ne7 9. Ne1 Nd7 10. Be3 f5 11. f3 f4 12. Bf2 g5 13. Nd3 h5 14. c5 Nf6 15. cxd6 cxd6 16. Nb5 a6 17. Na7 Bd7 18. Qb3 g4 19. Nxe5 dxe5 20. d6+ Ned5 21. Bc4 g3 22. Bb6 gxh2+ 23. Kh1 Qe8 24. Bxd5+ Kh8 25. Bxb7 Rb8 26. Bc7 Rxb7 27. Qxb7 Qg6 28. Qxa6 h4 29. Qe2 Nh5 30. Qf2 Ng3+ 31. Kxh2 Bf6 32. Rfb1 Qh5 33. b4 h3 34. Rh1 Rg8 35. Rag1 hxg2+ 36. Kxg2 Nxh1+ 37. Kf1 Nxf2 38. Rxg8+ Kxg8 39. Kxf2 Qh2+ 0-1


[Site "https://www.chess.com"]